 Dungeon Crawl Stone Soup version 0.31.0-11-ge490571c62 (webtiles) character file.

Game seed: 2772195191402997828

4 spaghetti the Caller (level 1, 0/15 HPs)
             Began as a Mummy Summoner on Jan 29, 2024.
             Slain by a hobgoblin (4 damage)
             ... on level 1 of the Dungeon.
             The game lasted 00:01:31 (178 turns).

spaghetti the Caller (Mummy Summoner)                Turns: 178, Time: 00:01:32

Health: 0/15       AC:  2    Str: 11    XL:     1   Next: 58%
Magic:  1/4        EV: 12    Int: 14    God:
Gold:   0          SH:  0    Dex: 12    Spells: 4/5 levels left

rFire   x . .        (no weapon)
rCold   + . .        (no shield)
rNeg    + + +        a - +0 robe
rPois   ∞            (no helmet)
rElec   .            (no cloak)
rCorr   .            (no gloves)
SInv    .            (no boots)
Will    .....        (no amulet)
Stlth   ++           (no ring)
HPRegen 0.22/turn    (no ring)
MPRegen 0.09/turn

%: faith
@: no status effects
A: cold resistance 1, negative energy resistance 3, torment resistance 2, heat
vulnerability 1, in touch with death 1, no potions, faith
a: no special abilities


You were on level 1 of the Dungeon.
You visited 1 branch of the dungeon, and saw 1 of its levels.

Inventory:

Armour
 a - a +0 robe (worn)


   Skills:
 + Level 1.2 Fighting
 - Level 1.5 Dodging
 - Level 1.5 Stealth
 - Level 2.6 Spellcasting
 - Level 3.2 Summonings


You had 4 spell levels left.
You knew the following spells:

 Your Spells              Type           Power      Damage    Failure   Level
a - Summon Small Mammal   Summ           44%        N/A       6%          1

Your spell library contained the following spells:

 Spells                   Type           Power      Damage    Failure   Level
 Call Imp                 Summ           22%        N/A       9%          2
 Call Canine Familiar     Summ           11%        N/A       17%         3
 Apportation              Tloc           2%         N/A       22%         1
 Jinxbite                 Hex            2%         N/A       32%         2
 Summon Blazeheart Golem  Fire/Summ      6%         N/A       75%         4
 Summon Lightning Spire   Summ/Air       6%         N/A       75%         4
 Alistair's Intoxication  Alch           0%         N/A       99%         5


Dungeon Overview and Level Annotations

Branches:
Dungeon (1/15)

Altars:

Shops:
D:1 [


Innate Abilities, Weirdness & Mutations

You are immune to poison.
Your flesh is cold resistant. (rC+)
You are immune to negative energy. (rN+++)
You are immune to unholy pain and torment.
You are vulnerable to heat. (rF-)
You are in touch with the powers of death.
You do not drink.
You have a special connection with the divine. (Faith)


Message History

The hobgoblin is severely wounded.
Your bat hits the hobgoblin but does no damage.
The hobgoblin closely misses you.
Your bat hits the jackal but does no damage.
The jackal closely misses you.
Your bat barely misses the hobgoblin.
The hobgoblin attacks as it pursues you!
The hobgoblin misses you. The jackal attacks as it pursues you!
The jackal bites you.
Your bat hits the kobold but does no damage.
The hobgoblin attacks as it pursues you!
The hobgoblin hits you.
There is an open door here.
Your bat closely misses the kobold.
Your bat hits the kobold.
You have nothing you can fire or use right now.
Unknown command.
You can't drink.
As you read the scroll labelled GIUDEBAURIO, it crumbles to dust.
You feel strangely unstable.
It was a scroll of teleportation.
The jackal bites you.
* * * LOW HITPOINT WARNING * * *
The jackal barely misses you.
Your magical contamination has completely faded away.
As you read the scroll labelled QONLUDOEVE, it crumbles to dust.
You assume a fearsome visage.
The kobold looks frightened!
The goblin looks frightened!
The jackal looks frightened!
The hobgoblin looks frightened!
It was a scroll of fear.
Your bat closely misses the hobgoblin.
Your bat hits the hobgoblin but does no damage.
Your bat's attack snaps the hobgoblin out of its fear.
The hobgoblin closely misses your bat.
Your bat barely misses the goblin.
Your bat closely misses the hobgoblin.
Your bat hits the goblin.
Your bat's attack snaps the goblin out of its fear.
Your surroundings suddenly seem different.
An endoplasm, a bat and a hobgoblin come into view.
Found four items.
The hobgoblin shouts!
You closely miss the hobgoblin. The bat hits you but does no damage.
The hobgoblin hits you.
You die...

.# .## ..# #.# #####
#.# ....# #.# .....#
#g# ########:....#
#h# #............#
#g#### #...hg@....J..
#K..g##
#......b......
####Kg###
#............| #
##h..###.............
#
###............!....
# #####......?......
# #............. #
#............. # ...


You could see an endoplasm, a jackal, a hobgoblin and a bat.

Vanquished Creatures (collateral kills)
  2 jackals (D:1)
  A quokka (D:1)
  A kobold (D:1)
4 creatures vanquished.

Notes
Turn   | Place    | Note
-------+----------+-------------------------------------------
     0 | D:1      | spaghetti the Mummy Summoner began the quest for the Orb.
     0 | D:1      | Reached XP level 1. HP: 13/13 MP: 4/4
    39 | D:1      | Found Sonynus's Antique Armour Shoppe.
   152 | D:1      | Reached skill level 1 in Fighting
   178 | D:1      | Slain by a hobgoblin

Illustrated notes

Levels and vault maps discovered:
D:1:      dpeg_arrival_court, layout_basic, serial_shops,
          nicolae_shop_rolling_square, palyth_stone_intersect

Skill      XL: |  1 |
---------------+----+-----
Fighting       | 1 |  1.2
Dodging        | |  1.5
Stealth        | |  1.5
Spellcasting   | |  2.6
Summonings     | |  3.2

Action                     || total
---------------------------++-------
  Melee: Unarmed           ||    14
   Cast: Summon Small Mamm ||     8
    Use: Scroll            ||     2
 Armour: Robe              ||    10
  Dodge: Dodged            ||    17
